 Dungeon Crawl Stone Soup version 0.31.0-4-g52a2dc7128 (webtiles) character file.

Game seed: 7766288549523141154

0 Arcadio the Shooter (level 1, -2/10 HPs)
             Began as a Spriggan Hunter on Jan 22, 2024.
             Slain by a quokka (3 damage)
             ... on level 1 of the Dungeon.
             The game lasted 00:00:15 (29 turns).

Arcadio the Shooter (Spriggan Hunter)                 Turns: 29, Time: 00:00:17

Health: -2/10      AC:  2    Str:  7    XL:     1   Next: 8%
Magic:  2/2        EV: 17    Int: 10    God:
Gold:   0          SH:  0    Dex: 18    Spells: 0/0 levels left

rFire   . . .        a - +0 shortbow
rCold   . . .        (shield currently unavailable)
rNeg    . . .        c - +0 robe
rPois   .            (helmet restricted)
rElec   .            (no cloak)
rCorr   .            (gloves unavailable)
SInv    +            (boots unavailable)
Will    .....        (no amulet)
Stlth   ++           (no ring)
HPRegen 0.21/turn    (no ring)
MPRegen 0.08/turn

%: no passive effects
@: very quick
A: very small, no large weapons, unfitting armour, see invisible, speed 3
a: no special abilities


You were on level 1 of the Dungeon.
You visited 1 branch of the dungeon, and saw 1 of its levels.

Inventory:

Hand Weapons
 a - a +0 shortbow (weapon)
Armour
 c - a +0 robe (worn)
Scrolls
 b - a scroll of butterflies


   Skills:
 + Level 1.5 Fighting
 + Level 4.0 Ranged Weapons
 + Level 2.7 Dodging
 - Level 1.5 Stealth


You couldn't memorise any spells.
You didn't know any spells.
Your spell library was empty.

Dungeon Overview and Level Annotations

Branches:
Dungeon (1/15)

Altars:


Innate Abilities, Weirdness & Mutations

You are very small and have problems with some larger weapons.
You are too small for most types of armour.
You have supernaturally acute eyesight. (SInv)
You cover ground extremely quickly. (Speed+++)


Message History

A quokka and a giant cockroach come into view.
Fire: a) +0 shortbow
Press: ? - help, Q - select action Shift-Dir - straight line, f - quokka
Aim: a quokka (asleep, 98% to hit)
You shoot an arrow. The arrow hits the quokka.
The quokka is moderately wounded.
Fire: a) +0 shortbow
Press: ? - help, Q - select action Shift-Dir - straight line, f/p - quokka
Aim: a quokka (moderately wounded, 53% to hit)
You shoot an arrow.
The arrow hits the quokka but does no damage.
The quokka is moderately wounded.
Fire: a) +0 shortbow
Press: ? - help, Q - select action Shift-Dir - straight line, f/p - quokka
Aim: a quokka (moderately wounded, 53% to hit)
You shoot an arrow.
The arrow hits the quokka but does no damage.
The quokka is moderately wounded.
Fire: a) +0 shortbow
Press: ? - help, Q - select action Shift-Dir - straight line, f/p - quokka
Aim: a quokka (moderately wounded, 53% to hit)
You shoot an arrow. The arrow barely misses the quokka.
The quokka twitches its whiskers.
You shoot an arrow. The arrow hits the quokka.
The quokka is severely wounded.
The quokka bites you. x2
Ouch! That really hurt!
* * * LOW HITPOINT WARNING * * *
You shoot an arrow.
The arrow hits the quokka but does no damage.
The quokka is severely wounded.
The quokka barely misses you.
Fire: a) +0 shortbow
Press: ? - help, Q - select action Shift-Dir - straight line, f/p - quokka
Aim: a quokka (severely wounded, 53% to hit)
You shoot an arrow. The arrow closely misses the quokka.
The arrow hits the giant cockroach!
You kill the giant cockroach!
The quokka bites you.
You die...

..... #....# .♣..∩..♣#
........# (.......#
....♣..∩#####
............#####+######
.........##.............
.8..∩..@.####.......####
......?r## ##..⌠..##
........# ##...##
.∩..∩..∩. ##.##
......$.. ### .........#
.8..∩....# ##.......#


You could see a quokka.

Vanquished Creatures
  A giant cockroach (D:1)
  A kobold (D:1)
2 creatures vanquished.

Notes
Turn   | Place    | Note
-------+----------+-------------------------------------------
     0 | D:1      | Arcadio the Spriggan Hunter began the quest for the Orb.
     0 | D:1      | Reached XP level 1. HP: 10/10 MP: 2/2
    29 | D:1      | Slain by a quokka

Illustrated notes

Levels and vault maps discovered:
D:1:      amcnicky_arrival_feature_with_door, layout_loops_ring,
          hellmonk_ecumenical_altar_arch_garden

Action                     || total
---------------------------++-------
   Fire: Shortbow          ||     9
 Armour: Robe              ||     5
  Dodge: Dodged            ||     2
